 Dungeon Crawl Stone Soup version 0.30-a0-613-gdd512c7efb (webtiles) character file.

Game seed: 5648518515910003847

171 acebull12 the Grasshopper (level 5, -5/26 HPs)
             Began as a Spriggan Warper on Jan 8, 2023.
             Killed by divine providence
             ... invoked by an orc priest
              (16 damage)
             ... on level 3 of the Dungeon.
             The game lasted 00:11:01 (2416 turns).

acebull12 the Grasshopper (Spriggan Warper)         Turns: 2416, Time: 00:11:01

Health: -5/26      AC:  2    Str:  7    XL:     5   Next: 26%
Magic:  20/20      EV: 18    Int: 15    God:
Gold:   134        SH:  0    Dex: 16    Spells: 8/11 levels left

rFire   . . .      SeeInvis +    h - +2 dagger (elec)
rCold   . . .      Faith    .    (no shield)
rNeg    . . .      Spirit   .    b - +0 robe
rPois   .          Reflect  .    (helmet restricted)
rElec   .          Harm     .    (no cloak)
rCorr   .          Rampage  .    (gloves unavailable)
Will    .....                    (boots unavailable)
Stlth   ++                       (no amulet)
HPRegen 0.24/turn                n - ring of magical power
MPRegen 0.17/turn                (no ring)

@: very quick
A: very small, no large weapons, unfitting armour, see invisible, speed 3
a: no special abilities


You were on level 3 of the Dungeon.
You visited 1 branch of the dungeon, and saw 4 of its levels.

You collected 134 gold pieces.

Inventory:

Hand Weapons
 h - a +2 dagger of electrocution (weapon)
Missiles
 d - 7 boomerangs of dispersal (quivered)
Armour
 b - a +0 robe (worn)
Jewellery
 n - a ring of magical power (left hand)
Scrolls
 a - 5 scrolls of identify {unknown}
 c - a scroll of blinking
 e - a scroll of amnesia {unknown}
 i - 2 scrolls of enchant weapon {unknown}
 l - 2 scrolls of noise {unknown}
 m - a scroll of immolation {unknown}
 o - a scroll of teleportation {unknown}
Potions
 f - 2 potions of degeneration {unknown}
 g - a potion of attraction {unknown}
 j - a potion of brilliance {unknown}
 k - 2 potions of mutation {unknown}


   Skills:
 + Level 1.7 Fighting
 + Level 3.2 Short Blades
 + Level 1.0 Throwing
 + Level 4.1 Dodging
 * Level 2.9 Stealth
 * Level 3.5 Spellcasting
 * Level 6.0 Translocations
 * Level 0.3 Transmutations
 * Level 0.1 Poison Magic


You had 8 spell levels left.
You knew the following spells:

 Your Spells              Type           Power      Damage    Failure   Level
a - Blink                 Tloc           40%        N/A       2%          2
b - Sting                 Tmut/Pois      12%        1d3       17%         1

Your spell library contained the following spells:

 Spells                   Type           Power      Damage    Failure   Level
 Apportation              Tloc           40%        N/A       1%          1
 Lesser Beckoning         Tloc           40%        N/A       4%          3
 Teleport Other           Tloc           20%        N/A       4%          3
 Manifold Assault         Tloc           20%        N/A       16%         4
 Vhi's Electric Charge    Tloc/Air       22%        N/A       17%         3
 Necrotise                Necr           8%         1d4       19%         1
 Summon Small Mammal      Summ           8%         N/A       19%         1
 Poisonous Vapours        Pois/Air       4%         N/A       28%         2
 Olgreb's Toxic Radiance  Pois           3%         N/A       87%         4


Dungeon Overview and Level Annotations

Branches:
Dungeon (4/15)
 Temple: D:4-7

Altars:

Annotations:
D:3 Sigmund


Innate Abilities, Weirdness & Mutations

You are very small and have problems with some larger weapons.
You are too small for most types of armour.
You have supernaturally acute eyesight. (SInv)
You cover ground extremely quickly. (Speed+++)


Message History

A hound comes into view.
The hound barks!
You hit the endoplasm.
The endoplasm is heavily wounded.
The hound barely misses you. The endoplasm freezes you.
You are frozen.
You hit the hound.
The hound is moderately wounded.
The hound bites you.
You hit the hound.
The hound is moderately wounded.
The hound misses you. The endoplasm closely misses you. The hound misses you.
You closely miss the hound.
The hound is moderately wounded.
The hound bites you. The endoplasm freezes you.
You are frozen.
You hit the hound.
The hound is heavily wounded.
The hound bites you. The endoplasm freezes you.
You are frozen.
You hit the hound.
The hound is severely wounded.
The hound bites you.
You closely miss the hound.
The hound is severely wounded.
The hound bites you but does no damage.
You hit the hound. Lightning courses through the hound!!
You kill the hound!
Your Translocations skill increases to level 6!
There is a stone staircase leading up here.
You climb upwards.
Level annotation: Sigmund The orc priest shouts!
You hear a shout!
The orc priest mumbles some strange prayers to Beogh against you.
Beogh smites you!
Ouch! That really hurt!
You die...

#.....Ko..# #.........#
#.........# #.........#
## #.......o.# .##
#.........# ..#
#.........# #.#######
#...[.....#
#.......#####...@.....#
#######....##....######
## ####....##.# .#
#....####.#
>#######.##..###.#######
......##.###..##.##....#
#####....# ##.....o....#
##.##.# ##.####....#
###..##.####o.# #....#


You could see an orc priest.

Vanquished Creatures
  A hound (D:4)
  7 adders
  2 worms (D:2)
  3 orcs (D:3)
  3 bats
  5 endoplasms
  2 giant cockroaches (D:3)
  6 goblins
  3 hobgoblins
  3 jackals (D:2)
  8 kobolds
  2 quokkas (D:2)
  11 ball pythons
  8 frilled lizards
  8 rats
72 creatures vanquished.

Notes
Turn   | Place    | Note
-------+----------+-------------------------------------------
     0 | D:1      | acebull12 the Spriggan Warper began the quest for the Orb.
     0 | D:1      | Reached XP level 1. HP: 10/10 MP: 5/5
   286 | D:1      | Reached skill level 1 in Stealth
   286 | D:1      | Reached XP level 2. HP: 12/14 MP: 6/6
   574 | D:1      | Reached skill level 5 in Translocations
   752 | D:2      | Reached XP level 3. HP: 14/18 MP: 8/8
   928 | D:2      | Reached XP level 4. HP: 22/22 MP: 9/9
  1655 | D:3      | Noticed Sigmund
  2225 | D:3      | Reached XP level 5. HP: 20/26 MP: 11/11
  2321 | D:4      | Learned a level 2 spell: Blink
  2323 | D:4      | Learned a level 1 spell: Sting
  2406 | D:4      | Reached skill level 6 in Translocations
  2416 | D:3      | Killed from afar by an orc priest

Illustrated notes

Levels and vault maps discovered:
D:1:      lemuel_arrival_broad_hall, layout_rooms
D:2:      layout_basic, chequers_serial_rivers_large_a, minmay_divided_ellipse
D:3:      layout_rooms, uniq_sigmund
D:4:      layout_rooms

Skill      XL: |  1  2  3  4  5 |
---------------+----------------+-----
Stealth        | 1 2 |  2.9
Translocations | 5 6 |  6.0
Spellcasting   | 3 |  3.5
Dodging        | 4 |  4.1
Short Blades   | 3 |  3.2
Fighting       | |  1.7
Throwing       | |  1.0
Transmutations | |  0.3
Poison Magic   | |  0.1

Action                   |  1- 3 |  4- 6 || total
-------------------------+-------+-------++-------
Melee: Dagger            |    78 |   123 ||   201
       Short sword       |     8 |       ||     8
 Stab: Sleeping          |       |     6 ||     6
Armor: Robe              |     2 |     6 ||     8
Dodge: Dodged            |    52 |    83 ||   135

Table legend: (Time is in decaauts)
 A = Elapsed time spent in this place.
 B = Non-inter-level travel time spent in this place.
 C = Inter-level travel time spent in this place.
 D = Time resting spent in this place.
 E = Time spent auto-exploring this place.
 F = Levels seen in this place.
 G = Mean time per level.
                   A        B        C        D        E       F      G
               +--------+--------+--------+--------+--------+-----+--------+
         Total |   1696 |   1557 |    139 |    121 |    846 |   4 |  424.0 |
       Dungeon |   1696 |   1557 |    139 |    121 |    846 |   4 |  424.0 |
               +--------+--------+--------+--------+--------+-----+--------+

Top non-repeatable levels by time:
     D:2: 830 daAuts
     D:1: 411 daAuts
     D:3: 337 daAuts
     D:4: 117 daAuts
